 Dungeon Crawl Stone Soup version 0.28.0-45-g0d030f2227 (webtiles) character file.

Game seed: 1276865746718080383

45 101zpm the Magician (level 3, -7/25 HPs)
             Began as a Djinni Hedge Wizard on Apr 10, 2022.
             Mangled by a worm (11 damage)
             ... on level 2 of the Dungeon.
             The game lasted 00:05:46 (2580 turns).

101zpm the Magician (Djinni Hedge Wizard)           Turns: 2580, Time: 00:05:46

Health: -7/25      AC:  2    Str:  9    XL:     3   Next: 90%
Gold:   63         EV: 12    Int: 17    God:
                   SH:  0    Dex: 12

rFire   + + +      SeeInvis .   a - +0 dagger
rCold   x . .      Faith    .   (no shield)
rNeg    . . .      Spirit   .   f - +0 robe {rF+}
rPois   ∞          Reflect  .   c - +0 hat
rElec   .          Harm     .   (no cloak)
rCorr   .          Rampage  .   (no gloves)
Will    .....                   (boots unavailable)
Stlth   ++........              (no amulet)
HPRegen 0.08/turn               (no ring)
MPRegen 0.00/turn               (no ring)

@: flying
A: sickness immunity, fire resistance 2, cold vulnerability 1, float, innate
caster, HP casting, extra vitality 1
a: no special abilities


You were on level 2 of the Dungeon.
You visited 1 branch of the dungeon, and saw 3 of its levels.

You collected 63 gold pieces.

Inventory:

Hand Weapons
 a - a +0 dagger (weapon)
Missiles
 d - 4 boomerangs of dispersal
Armour
 b - a +0 robe
 c - a +0 hat (worn)
 f - a +0 robe of fire resistance (worn)
Scrolls
 g - a scroll of vulnerability {unknown}
 i - a scroll of immolation {unknown}
 j - 2 scrolls of identify {unknown}
 l - a scroll of torment {unknown}
Potions
 e - a potion of resistance {unknown}
 h - a potion of degeneration {unknown}
 k - a potion of attraction {unknown}
 m - a potion of brilliance {unknown}


   Skills:
 + Level 0.3 Fighting
 + Level 2.3 Dodging
 + Level 1.9 Stealth
 + Level 3.3 Spellcasting


You couldn't memorise any spells.
You knew the following spells:

 Your Spells              Type           Power      Damage    Failure   Level
a - Magic Dart            Conj           56%        1d5       4%          1
b - Blink                 Tloc           28%        N/A       7%          2
c - Call Imp              Summ           14%        N/A       7%          2
d - Slow                  Hex            56%        N/A       4%          1
e - Conjure Flame         Conj/Fire      14%        6-21      13%         3
f - Mephitic Cloud        Conj/Pois/Air  14%        N/A       13%         3
g - Animate Skeleton      Necr           28%        N/A       4%          1
Your spell library was empty.

Dungeon Overview and Level Annotations

Branches:
Dungeon (3/15)

Altars:


Innate Abilities, Weirdness & Mutations

You are immune to sickness and miasma.
You are immune to poison.
Your flesh is very heat resistant. (rF++)
You are vulnerable to cold. (rC-)
You float through the air rather than walking.
You learn spells naturally, not from books.
Your magical power is your life essence.
You have superior vitality. (+4 MHP)


Message History

Press: ? - help, Q - select action, (/) - cycle Shift-Dir - straight line, f/p - worm
Aim: a worm (100% to hit)
The magic dart hits the worm.
The worm is moderately wounded.
* * * LOW HITPOINT WARNING * * *
m - a smoky golden potion You now have 63 gold pieces (gained 11).
Things that are here:
an amulet of magic regeneration; 2 stones; a +0 short sword
Things that are here:
an amulet of magic regeneration; 2 stones; a +0 short sword
Okay, then.
A worm is nearby!
Aiming: Magic Dart (safe; 4% risk of failure)
Press: ? - help, Q - select action, (/) - cycle Shift-Dir - straight line, f/p - worm
Aim: a worm (100% to hit)
The magic dart hits the worm.
The worm is moderately wounded.
* * * LOW HITPOINT WARNING * * *
There is a stone staircase leading down here.
You start resting.
A worm is nearby!
You fly downwards.
There is a stone staircase leading up here.
Aiming: Magic Dart (safe; 4% risk of failure)
Press: ? - help, Q - select action, (/) - cycle Shift-Dir - straight line, f - rat
Aim: a rat (asleep, 100% to hit)
The magic dart hits the rat.
The rat is heavily wounded.
* * * LOW HITPOINT WARNING * * *
Aiming: Magic Dart (safe; 4% risk of failure)
Press: ? - help, Q - select action, (/) - cycle Shift-Dir - straight line, f/p - rat
Aim: a rat (heavily wounded, 100% to hit)
The magic dart hits the rat.
You kill the rat!
* * * LOW HITPOINT WARNING * * *
You start resting.
A gnoll comes into view. It is wielding a +0 quarterstaff.
You fly upwards.
The worm bites you!
You die...

#.........#.#######
#....(....#.#.....#
#...........#.....#
#.......÷#..#.....#
#........#..#.....##
#........#.........#
#........#.........#
........#.w.......########
########.@..............#
#.........######[#
#.........# #.#
#.........# #.#
#.........# #.#
#.........# #.#
########### #.# #.#
######## #.##


You could see a worm.

Vanquished Creatures
  2 dart slugs (D:2)
  6 endoplasms
  A giant cockroach (D:1)
  2 goblins (D:1)
  3 hobgoblins
  3 quokkas (D:1)
  2 ball pythons (D:2)
  9 bats
  4 frilled lizards
  4 kobolds
  2 rats
38 creatures vanquished.

Notes
Turn   | Place    | Note
-------+----------+-------------------------------------------
     0 | D:1      | 101zpm the Djinni Hedge Wizard began the quest for the Orb.
     0 | D:1      | Reached XP level 1. HP: 15/15 MP: 0/0
   505 | D:1      | Reached XP level 2. HP: 19/21 MP: 0/0
   918 | D:1      | Reached skill level 3 in Spellcasting
  1092 | D:1      | Reached XP level 3. HP: 23/25 MP: 0/0
  1092 | D:1      | Learned a level 1 spell: Animate Skeleton
  1390 | D:1      | Found a faded altar of an unknown god.
  2580 | D:2      | Mangled by a worm

Illustrated notes

Levels and vault maps discovered:
D:1:      amcnicky_arrival_wind_blow, layout_basic,
          chequers_ecumenical_altar_grove
D:2:      layout_basic
D:3:      layout_rooms, mainiacjoe_overflow_paths, mainiacjoe_overflow_brackets,
          serial_shops, shop, nicolae_lakefront_shop

Skill      XL: |  1  2 |
---------------+-------+-----
Spellcasting   | 3 |  3.3
Fighting       | |  0.3
Dodging        | |  2.3
Stealth        | |  1.9

Action                   || total
-------------------------++-------
Melee: Dagger            ||    13
 Cast: Magic Dart        ||   118
Armor: Robe              ||     6
Dodge: Dodged            ||    24
